 Dungeon Crawl Stone Soup version 0.27.0-1-g7a089689b8 (webtiles) character file.

Game seed: 10147353680456865370

33 Sobieck the Digger (level 3, -2/26 HPs)
             Began as a Draconian Earth Elementalist on Aug 5, 2021.
             Slain by a scorpion (3 damage)
             ... on level 2 of the Dungeon.
             The game lasted 00:03:15 (1310 turns).

Sobieck the Digger (Draconian Earth Elementalist)   Turns: 1310, Time: 00:03:16

Health: -2/26      AC:  5    Str: 10    XL:     3   Next: 12%
Magic:  0/6        EV: 12    Int: 16    God:
Gold:   24         SH:  0    Dex: 11    Spells: 0/6 levels left

rFire    . . .     SeeInvis .   a - +0 dagger {short}
rCold    . . .     Faith    .   (no shield)
rNeg     . . .     Spirit   .   (armour unavailable)
rPois    .         Reflect  .   (helmet restricted)
rElec    .         Harm     .   (no cloak)
rCorr    .         Rampage  .   (no gloves)
Will     .....                  (no boots)
Stlth    ++........             (no amulet)
HPRegen  0.08/turn              (no ring)
MPRegen  0.10/turn              (no ring)

@: mighty, lethally poisoned (-2 -> -8), very slightly contaminated
A: AC +5, unfitting armour, cold-blooded
a: no special abilities


You were on level 2 of the Dungeon.
You visited 1 branch of the dungeon, and saw 2 of its levels.

You collected 24 gold pieces.


Innate Abilities, Weirdness & Mutations

Your plain brown scales are hard. (AC +5)
You cannot fit into any form of body armour.
You are cold-blooded and may be slowed by cold attacks.


   Skills:
 - Level 1.7 Dodging
 - Level 1.7 Stealth
 - Level 2.0 Spellcasting
 + Level 0.2 Conjurations
 - Level 1.0 Transmutations
 + Level 4.2 Earth Magic


You couldn't memorise any spells.
You knew the following spells:

 Your Spells              Type           Power      Damage    Failure   Level
a - Sandblast             Erth           30%        2d9       3%          1
b - Passwall              Tmut/Erth      8%         N/A       11%         2
c - Stone Arrow           Conj/Erth      16%        3d8       24%         3

Your spell library contained the following spells:

 Spells                   Type           Power      Damage    Failure   Level
 Summon Guardian Golem    Hex/Summ       1%         N/A       52%         3
 Petrify                  Tmut/Erth      10%        N/A       56%         4
 Lee's Rapid Deconstruct  Erth           7%         3d8*      69%         5
 Orb of Destruction       Conj           1%         N/A       100%        7
 Spellforged Servitor     Conj/Summ      0%         N/A       100%        7

Inventory:

Hand Weapons
 a - a +0 dagger (weapon) {short}
   (You took it off a goblin on level 1 of the Dungeon)
Missiles
 b - 87 stones {throwing}
 f - 15 arrows
Scrolls
 c - a scroll of immolation {unknown}
 d - a scroll of identify {unknown}
 g - a scroll of fear {unknown}
Potions
 e - a potion of might

Dungeon Overview and Level Annotations

Branches:
Dungeon (2/15)

Altars:

...##.# ...#.#
..#.# #.#.# . #
#.#.####
...#.##......#
.............+
#.....s@....#
........#†####
....###.#.#
########### ...
#.#.# #..........
#
..#.###.#########
..#............
...#####.#######
##.#####.##....#
#
..............#.#
.


You could see a scorpion.


Message History

You hit the dart slug. The dart slug launches a dart at you.
The slug dart hits you but does no damage.
You hit the dart slug.
Your tail-slap misses the dart slug.
The dart slug launches a dart at you.
The slug dart hits you but does no damage.
You hit the dart slug.
You kill the dart slug!
You start resting.
A ball python and a scorpion come into view.
Danger!
Unknown command.
Unknown command.
Casting: Passwall (safe; 11% risk of failure)
Confirm with . or Enter, or press ? or * to list all spells.
Aiming: Passwall (safe; 11% risk of failure)
Press: ? - help, Dir - move target, f - you Please select a wall.
Okay, then.
Casting: Passwall (safe; 11% risk of failure)
Confirm with . or Enter, or press ? or * to list all spells.
Aiming: Sandblast (safe; 3% risk of failure)
Press: ? - help, Shift-Dir - straight line, f - you
Okay, then.
The ball python hisses angrily.
Danger!
The ball python bites you but does no damage.
The ball python grabs you. The ball python constricts you.
You hit the ball python but do no damage.
The ball python barely misses you. The ball python constricts you.
You barely miss the ball python.
The ball python bites you but does no damage.
The ball python constricts you.
You hit the ball python. The ball python bites you.
The ball python constricts you.
You hit the ball python.
You kill the ball python!
No target in view!
You start resting.
You see here a ball python corpse.
Danger!
Casting: Sandblast (safe; 3% risk of failure)
Confirm with . or Enter, or press ? or * to list all spells.
Aiming: Sandblast (safe; 3% risk of failure)
Press: ? - help, Shift-Dir - straight line, f - scorpion
Aim: a scorpion (79% to hit)
The blast of sand hits the scorpion.
The scorpion stings you.
Casting: Sandblast (safe; 3% risk of failure)
Confirm with . or Enter, or press ? or * to list all spells.
Aiming: Sandblast (safe; 3% risk of failure)
Press: ? - help, Shift-Dir - straight line, f/p - scorpion
Aim: a scorpion (moderately wounded, 79% to hit)
The blast of sand misses the scorpion.
The scorpion misses you. The scorpion closely misses you.
Casting: Sandblast (safe; 3% risk of failure)
Confirm with . or Enter, or press ? or * to list all spells.
Aiming: Sandblast (safe; 3% risk of failure)
Press: ? - help, Shift-Dir - straight line, f/p - scorpion
Aim: a scorpion (moderately wounded, 79% to hit)
You miscast Sandblast.
You are very lightly contaminated with residual magic.
Nothing appears to happen.
The scorpion barely misses you.
Casting: Sandblast (safe; 3% risk of failure)
Confirm with . or Enter, or press ? or * to list all spells.
Aiming: Sandblast (safe; 3% risk of failure)
Press: ? - help, Shift-Dir - straight line, f/p - scorpion
Aim: a scorpion (lightly wounded, 79% to hit)
The blast of sand hits the scorpion.
The scorpion barely misses you.
Casting: Sandblast (safe; 3% risk of failure)
Confirm with . or Enter, or press ? or * to list all spells.
Aiming: Sandblast (safe; 3% risk of failure)
Press: ? - help, Shift-Dir - straight line, f/p - scorpion
Aim: a scorpion (moderately wounded, 79% to hit)
The blast of sand hits the scorpion!
The scorpion stings you but does no damage.
Casting: Sandblast (safe; 3% risk of failure)
Confirm with . or Enter, or press ? or * to list all spells.
Aiming: Sandblast (safe; 3% risk of failure)
Press: ? - help, Shift-Dir - straight line, f/p - scorpion
Aim: a scorpion (almost dead, 79% to hit)
The blast of sand hits the scorpion but does no damage.
The scorpion misses you.
Unknown command.
Unknown command.
You hit the scorpion but do no damage. The scorpion stings you.
You are poisoned.
The scorpion poisons you! The scorpion stings you!
* * * LOW HITPOINT WARNING * * *
You hit the scorpion but do no damage.
* * * LOW HITPOINT WARNING * * *
You feel very sick. The scorpion stings you.
* * * LOW HITPOINT WARNING * * *
Unknown command.
It was a potion of might.
You feel very mighty all of a sudden.
* * * LOW HITPOINT WARNING * * *
You feel sick. The scorpion stings you.
You die...

Skill      XL: |  1  2 |
---------------+-------+-----
Earth Magic    | 4 |  4.2
Dodging        | |  1.7
Stealth        | |  1.7
Spellcasting   | |  2.0
Conjurations   | |  0.2
Transmutations | |  1.0

Action                   || total
-------------------------++-------
Melee: Dagger            ||    80
       Tailslap          ||    11
 Cast: Sandblast         ||     9
       Passwall          ||     1
  Use: Potion            ||     1
 Stab: Sleeping          ||     5
Armor: Skin              ||    23
Dodge: Dodged            ||    51

Levels and vault maps discovered:
D:1:      erik_arrival_triangle_large, layout_basic
D:2:      layout_basic, hellmonk_ecumenical_altar_arch_garden

Notes
Turn   | Place    | Note
-------+----------+-------------------------------------------
     0 | D:1      | Sobieck the Draconian Earth Elementalist began the quest
                  | for the Orb.
     0 | D:1      | Reached XP level 1. HP: 14/14 MP: 3/3
   329 | D:1      | Reached XP level 2. HP: 18/20 MP: 5/5
   364 | D:1      | Learned a level 2 spell: Passwall
   492 | D:1      | You pick up a book of Geomancy and begin reading...
   527 | D:1      | You pick up a book of Dangerous Friends and begin
                  | reading...
   527 | D:1      | You add the spells Summon Guardian Golem, Orb of
                  | Destruction and Spellforged Servitor to your library.
   840 | D:1      | Reached skill level 4 in Earth Magic
  1052 | D:1      | Reached XP level 3. HP: 26/26 MP: 6/6
  1056 | D:1      | Learned a level 3 spell: Stone Arrow
  1170 | D:2      | Found a faded altar of an unknown god.
  1271 | D:2      | Noticed a scorpion
  1309 | D:2      | HP: 2/26 [scorpion (5)]
  1310 | D:2      | Slain by a scorpion

Vanquished Creatures
  4 dart slugs
  2 bats (D:1)
  An endoplasm (D:2)
  3 giant cockroaches (D:1)
  2 goblins (D:1)
  A hobgoblin (D:1)
  4 jackals (D:1)
  3 ball pythons
  A frilled lizard (D:1)
  A rat (D:1)
22 creatures vanquished.

Table legend:
 A = Non-vault XP
 B = Vault XP
 C = Vault XP percentage of total XP
 D = Non-vault monster count
 E = Vault monster count
 F = Vault count percentage of total count
                 A         B        C        D         E       F
            +---------+---------+-------+---------+---------+-------
      Total |      48 |       0 |   0.0 |      22 |       0 |   0.0
            +---------+---------+-------+---------+---------+-------
        D:1 |      41 |       0 |   0.0 |      19 |       0 |   0.0
        D:2 |       7 |       0 |   0.0 |       3 |       0 |   0.0
            +---------+---------+-------+---------+---------+-------

Illustrated notes

Table legend:
 A = Kills in this place as a percentage of kills in entire the game.
 B = Kills by you in this place as a percentage of kills by you in the entire game.
 C = Kills by friends in this place as a percentage of kills by friends in the entire game.
 D = Other kills in this place as a percentage of other kills in the entire game.
 E = Experience gained in this place as a percentage of experience gained in the entire game.
 F = Experience gained in this place divided by the number of levels of this place that you have seen.
                   A       B       C       D       E      F
               +-------+-------+-------+-------+-------+----------------------
         Total | 100.0 | 100.0 |   N/A |   N/A | 100.0 |  24.0
       Dungeon | 100.0 | 100.0 |   N/A |   N/A | 100.0 |  24.0
               +-------+-------+-------+-------+-------+----------------------

Table legend: (Time is in decaauts)
 A = Elapsed time spent in this place.
 B = Non-inter-level travel time spent in this place.
 C = Inter-level travel time spent in this place.
 D = Time resting spent in this place.
 E = Time spent auto-exploring this place.
 F = Levels seen in this place.
 G = Mean time per level.
                   A        B        C        D        E       F      G
               +--------+--------+--------+--------+--------+-----+--------+
         Total |   1309 |   1279 |     30 |    119 |    924 |   2 |  654.5 |
       Dungeon |   1309 |   1279 |     30 |    119 |    924 |   2 |  654.5 |
               +--------+--------+--------+--------+--------+-----+--------+

Top non-repeatable levels by time:
     D:1: 1108 daAuts
     D:2: 200 daAuts
